 Seeded DCSS version 0.26-a0-519-gb2f46ef (webtiles) character file.

Game seed: 7256790558542359379 (custom seed)

35 Illumine the Grave Robber (level 3, 0/26 HPs)
             Began as a Merfolk Necromancer on Aug 9, 2020.
             Slain by an adder (2 damage)
             ... on level 2 of the Dungeon.
             The game lasted 00:03:37 (1679 turns).

Illumine the Grave Robber (Merfolk Necromancer)     Turns: 1679, Time: 00:03:37

Health: 0/26       AC:  2    Str:  8    XL:     3   Next: 33%
Magic:  1/6        EV: 13    Int: 15    God:
Gold:   76         SH:  0    Dex: 14    Spells: 2/6 levels left

rFire    . . .     SeeInvis .   f - +2 whip (venom)
rCold    . . .     Faith    .   (no shield)
rNeg     . . .     Spirit   .   a - +0 robe
rPois    .         Reflect  .   (no helmet)
rElec    .         Harm     .   (no cloak)
rCorr    .                      (no gloves)
MR       .....                  (no boots)
Stlth    ++........             (no amulet)
HPRegen  0.08/turn              (no ring)
MPRegen  0.10/turn              (no ring)

@: lethally poisoned (0 -> -4), very slightly contaminated
A: change form in water, swift swim, stealthy swim
a: no special abilities


You were on level 2 of the Dungeon.
You visited 1 branch of the dungeon, and saw 2 of its levels.

You collected 76 gold pieces.

Inventory:

Hand Weapons
 b - a +0 whip
 f - a +2 whip of venom (weapon)
 j - a +1 vorpal hunting sling
Missiles
 d - 6 boomerangs (quivered)
 e - 84 stones
Armour
 a - a +0 robe (worn)
Jewellery
 k - an uncursed amulet of magic regeneration
Scrolls
 g - a scroll of identify
 i - a scroll of fear {unknown}
 l - a scroll of fog {unknown}


   Skills:
 + Level 1.0 Fighting
 + Level 3.4 Dodging
 - Level 2.1 Stealth
 + Level 2.4 Spellcasting
 * Level 3.5 Necromancy


You had 2 spell levels left.
You knew the following spells:

 Your Spells              Type           Power        Failure   Level
a - Pain                  Necr           ##..         4%          1
b - Vampiric Draining     Necr           ##........   14%         3

Your spell library contained the following spells:

 Spells                   Type           Power        Failure   Level
 Animate Skeleton         Necr           ##....       4%          1
 Animate Dead             Necr           ##........   43%         4
 Agony                    Necr           ##......     80%         5


Dungeon Overview and Level Annotations

Branches:
Dungeon (2/15)

Altars:


Message History

You feel sick. The adder completely misses you. The adder bites you.
* * * LOW HITPOINT WARNING * * *
Unknown command.
You aren't carrying any potions.
Unknown command.
As you read the scroll labeled BYPPINNYRO, it crumbles to dust.
It is a scroll of identify.
k - an uncursed amulet of magic regeneration
* * * LOW HITPOINT WARNING * * *
You feel sick. The adder bites you.
* * * LOW HITPOINT WARNING * * *
Unknown command.
You aren't carrying any potions.
As you read the scroll labeled KANUCU YSUUSH, it crumbles to dust.
You hear a very strange noise indeed.
It was a scroll of random uselessness.
The adder barely misses you.
As you read the scroll labeled QOAZI YTRATAL, it crumbles to dust.
The creatures around you are filled with an inner flame!
It was a scroll of immolation.
The adder bites you.
You die...

.# .. #####. .....
#... .... #.. .....
#.#### >#...
#.S@.### ####....
#.##...## #>....# #.
###..###...# #.
##......# . #.
####...## >
#.#####.......# ..
.......)##.##.####..
..####..#..##.......
..................


You could see an adder (inner flame).

Vanquished Creatures
  2 dart slugs (D:1)
  A leopard gecko (D:1)
  A ball python (D:2)
  5 giant cockroaches (D:1)
  2 goblins (D:1)
  3 hobgoblins (D:1)
  5 kobolds
  3 bats (D:1)
  2 frilled lizards (D:1)
  5 rats
29 creatures vanquished.

Notes
Turn   | Place    | Note
-------+----------+-------------------------------------------
     0 | D:1      | Illumine the Merfolk Necromancer began the quest for the
                  | Orb.
     0 | D:1      | Reached XP level 1. HP: 13/13 MP: 3/3
   438 | D:1      | Reached XP level 2. HP: 18/19 MP: 1/5
   979 | D:1      | Reached XP level 3. HP: 21/25 MP: 1/6
  1031 | D:1      | Learned a level 3 spell: Vampiric Draining
  1465 | D:2      | Found a faded altar of an unknown god.
  1523 | D:2      | Reached skill level 1 in Fighting
  1679 | D:2      | Slain by an adder

Illustrated notes

Levels and vault maps discovered:
D:1:      elethiomel_arrival_infinity_welcomes_careful_drivers, layout_basic,
          minmay_statues_item, minmay_unequal
D:2:      layout_rooms, grunt_temple_overflow_gold_and_silver,
          nicolae_overflow_crystal_walls, marbit_many_paths,
          chequers_ecumenical_altar_simple_redux, yredelemnul_altar_generic

Skill      XL: |  1  2  3 |
---------------+----------+-----
Dodging        | 3 |  3.4
Fighting       | 1 |  1.0
Stealth        | |  2.1
Spellcasting   | |  2.4
Necromancy     | |  3.5

Action                   || total
-------------------------++-------
Melee: Whip              ||    28
Throw: Boomerang         ||     4
 Cast: Pain              ||    42
  Use: Scroll            ||     3
 Stab: Sleeping          ||     1
Armor: Robe              ||     9
Dodge: Dodged            ||    32

Table legend: (Time is in decaauts)
 A = Elapsed time spent in this place.
 B = Non-inter-level travel time spent in this place.
 C = Inter-level travel time spent in this place.
 D = Time resting spent in this place.
 E = Time spent auto-exploring this place.
 F = Levels seen in this place.
 G = Mean time per level.
                   A        B        C        D        E       F      G
               +--------+--------+--------+--------+--------+-----+--------+
         Total |   1681 |   1641 |     40 |    813 |    552 |   2 |  840.5 |
       Dungeon |   1681 |   1641 |     40 |    813 |    552 |   2 |  840.5 |
               +--------+--------+--------+--------+--------+-----+--------+

Top non-repeatable levels by time:
     D:1: 1466 daAuts
     D:2: 215 daAuts
